AoeStats
← KR0N0S-

Nomad

508150650Analyzed
3v3 RM · 11d ago on Sep 21, 2026· 44m 55s· 6 players
Game mode
Random Map
Map size
210×210
Population
200
Speed
Normal
Resources
Standard
Victory
Conquest
Starting age
Dark Age
Ending age
Imperial Age
RankedLock teamsTeams togetherTeam positionsShared explorationLock speedFull tech treeHidden civsTurbo modeCheats
Victory
Defeat
🇨🇱 Spanish · Chile
1012
+10
🇨🇱 Berbers · Chile
925
+13
🇨🇱 Chinese · Chile
894
+13
🇳🇿 Vietnamese · New Zealand
884
-13
🇲🇽 Aztecs · Mexico
861
-34
🇳🇿 Persians · New Zealand
833
-11
santycarmar
6:56 Loom
16:51 Feudal Age
17:58 Fishing Lines
18:11 Horse Collar
21:23 Double-Bit Axe
26:30 Castle Age
26:42 Town Watch
27:36 Wheelbarrow
26:37 Eagle Warrior
27:50 Forging
28:27 Gillnets
29:33 Gambesons
29:49 Squires
30:51 Heavy Plow
37:13 Murder Holes
37:48 Guard Tower
DonaldTrumpet
7:47 Loom
14:18 Feudal Age
14:57 Gold Mining
14:55 Double-Bit Axe
14:54 Fishing Lines
17:51 Padded Archer Armor
17:42 Fletching
27:19 Castle Age
27:31 Pikeman
27:40 Crossbowman
28:31 Thumb Ring
34:45 Arson
35:01 Squires
Pheonix028
4:41 Loom
21:39 Feudal Age
22:36 Double-Bit Axe
24:42 Gold Mining
24:47 Stone Mining
27:09 Castle Age
25:48 Wheelbarrow
24:58 Town Watch
26:06 Horse Collar
26:40 Man-at-Arms
27:06 Arson
27:44 Gold Mining
30:52 Stone Shaft Mining
31:12 Gold Shaft Mining
30:50 Squires
30:36 Gambesons
30:13 Pikeman
31:01 Padded Archer Armor
32:57 Fletching
33:18 Forging
35:02 Ballistics
35:37 Kamandaran
35:54 Thumb Ring
37:50 Masonry
39:42 Crossbowman
pattox17
8:57 Loom
14:37 Feudal Age
15:51 Fishing Lines
16:13 Double-Bit Axe
17:47 Forging
18:54 Scale Barding Armor
21:15 Gold Mining
23:53 Castle Age
23:12 Wheelbarrow
24:28 Horse Collar
27:52 Husbandry
29:45 Bloodlines
30:36 Fervor
31:40 Iron Casting
35:15 Heavy Plow
36:46 Redemption
36:57 Sanctity
37:45 Chain Barding Armor
48:03 Imperial Age
Aldiiitox HxC
16:37 Feudal Age
18:06 Double-Bit Axe
18:44 Man-at-Arms
21:00 Loom
39:46 Castle Age
39:01 Horse Collar
39:13 Gold Mining
39:16 Stone Mining
40:44 Bow Saw
40:00 Elite Skirmisher
41:37 Heavy Plow
44:14 Thumb Ring
KR0N0S-
13:08 Loom
16:48 Feudal Age
17:46 Double-Bit Axe
18:24 Fishing Lines
24:40 Bloodlines
27:53 Castle Age
26:34 Scale Barding Armor
26:42 Forging
27:47 Gold Mining
27:42 Horse Collar
28:44 Light Cavalry
29:25 Husbandry
30:49 Wheelbarrow
30:26 Bow Saw
30:53 Gold Shaft Mining
37:09 Imperial Age
34:56 Hand Cart
35:37 Iron Casting
35:22 Chain Barding Armor
36:06 Gillnets
41:01 Elite Camel Archer
44:19 Padded Archer Armor
Connection lost

Rejoining the realm…

Still unreachable

The connection could not be restored.

Session expired

The server has moved on; the page needs a fresh start.